[Event "European School-ch 2019"]
[Site "Mamaia"]
[Date "2019.06.07"]
[Round "8.19"]
[White "Samunenkov, Ihor"]
[Black "Celik, Hasan Huseyin"]
[Result "1-0"]
[ECO "C07"]
[WhiteElo "1972"]
[BlackElo "1727"]
[Annotator "NA RC"]
[PlyCount "119"]
[EventDate "2019.05.31"]
[EventType "swiss"]
[EventCountry "ROU"]
[SourceTitle "playchess.com"]
[Source "ChessBase"]
[SourceQuality "1"]
[TimeControl "40/5400+30:1800+30"]

1. e4 e6 2. d4 d5 3. Nd2 c5 4. exd5 Qxd5 5. dxc5 Bxc5 6. Ngf3 Nf6 7. Bc4 Qc6 {[%emt 0:00:40] C07: French Tarrasch: 3...c5, 4 Ngf3 and 4 exd5 Qxd5} 8. Qe2 O-O 9. O-O Nbd7 (9... b6 10. Nb3 Bb7 11. Nxc5 Qxc5 12. b3 Nbd7 13. Bb2 Qh5 14. Ne5 Qxe2 15. Bxe2 Nxe5 16. Bxe5 {½-½ (68) Bruzon Batista,L (2653)-Lenderman,A (2626) Saint Louis 2018}) 10. Nb3 Bd6 11. Nbd4 Qc5 12. Rd1 $146 ({Predecessor:} 12. Nb5 Bb8 13. b3 a6 14. Ba3 Qh5 15. Nd6 Bxd6 16. Bxd6 {½-½ (47) Yildiz Kadioglu,B (2330)-Genc,C (2203) Konya 2012}) 12... Ne5 13. Bb3 a6 14. a4 Nxf3+ 15. Nxf3 e5 16. h3 e4 17. Nd2 Qe5 18. g3 Bc5 19. Kg2 Qf5 20. Rh1 Bd7 21. Nc4 Nd5 22. Be3 Nxe3+ 23. Nxe3 Qg5 24. Rad1 Bc6 25. Bd5 Rac8 26. h4 Qf6 27. Bxc6 Qxc6 28. Nd5 Rfe8 29. b3 Bf8 30. c4 Rcd8 31. Rd2 Bc5 32. Rdd1 Bf8 33. Rhe1 f5 34. Ne3 g6 35. h5 Qc5 36. hxg6 hxg6 37. Nd5 Bg7 38. Qd2 Kf7 39. Qg5 Qc6 40. Rh1 b5 41. Rh7 bxc4 42. bxc4 e3 43. fxe3 Kg8 44. Rh4 Rd6 45. Kh3 Rde6 46. Rg1 a5 47. Rf1 Qd6 48. g4 (48. Rhf4 $16) 48... fxg4+ $2 (48... f4 $1 $15 49. Kg2 (49. Nxf4 $2 Rf6 $19) (49. Rxf4 $2 Rxe3+ 50. Nxe3 Rxe3+ 51. Kg2 Qd2+ 52. Rf2 Rg3+ {[%mdl 64] Discovered Attack} 53. Kxg3 Qxg5 $19) 49... fxe3) 49. Rxg4 Qd8 {[%emt 0:01:20] [#]} (49... Qc6 $16 50. Kg3 (50. Qf4 Rf8 $17) 50... Qd6+ 51. Kg2 Rf8 52. Rxf8+ Qxf8) 50. Qxd8 $1 ({Don't play} 50. Qf4 $6 Rf8 $16) 50... Rxd8 51. Rb1 Rf8 52. Kg2 $18 Bh6 53. e4 Rf7 54. Rb6 Rxb6 55. Nxb6 Kg7 56. Nd5 Rb7 57. e5 Rb2+ 58. Kf3 Rb3+ 59. Ke4 Kf7 60. e6+ 1-0

[Event "European School-ch 2019"]
[Site "Mamaia"]
[Date "2019.06.07"]
[Round "8.20"]
[White "Gurel, Ediz"]
[Black "Magold, Filip"]
[Result "1/2-1/2"]
[ECO "B43"]
[WhiteElo "1914"]
[BlackElo "1906"]
[Annotator "NA RC"]
[PlyCount "99"]
[EventDate "2019.05.31"]
[EventType "swiss"]
[EventCountry "ROU"]
[SourceTitle "playchess.com"]
[Source "ChessBase"]
[SourceQuality "1"]
[TimeControl "40/5400+30:1800+30"]

1. e4 c5 2. Nf3 e6 3. d4 cxd4 4. Nxd4 a6 5. Nc3 Qc7 6. g3 Nf6 7. Bg2 d6 8. O-O Nbd7 9. f4 Be7 10. g4 h6 11. h4 Rb8 12. Be3 Nb6 13. Qf3 Nc4 14. g5 hxg5 15. fxg5 Ne5 16. Qg3 Nfg4 17. Bd2 Qb6 18. Nce2 Nc4 19. Qxg4 Nxd2 20. Rf2 e5 21. Nf5 g6 22. Rd1 Nc4 23. Rd3 gxf5 24. exf5 Ne3 25. Qf3 Nxf5 26. Bh3 Rxh4 27. Bxf5 Qc6 28. Ng3 Rf4 29. Qxc6+ bxc6 30. Rxf4 exf4 31. Bxc8 fxg3 32. Bxa6 Rxb2 33. Rxg3 Rxc2 34. a4 Rc5 35. g6 fxg6 36. Rxg6 Ra5 37. Bb7 Kd7 38. Rg7 Ra7 39. Rxe7+ Kxe7 40. Bxc6 Ke6 41. Kf2 Ke5 42. Ke3 Rc7 43. Bb5 d5 44. Kd3 d4 45. Bc4 Rc5 46. Ba6 Rc3+ 47. Kd2 Ra3 48. Bb5 Kd5 49. Be8 d3 50. Ke3 1/2-1/2

[Event "European School-ch 2019"]
[Site "Mamaia"]
[Date "2019.06.07"]
[Round "8.21"]
[White "Durak, Can"]
[Black "Sapocinic, Semion"]
[Result "1/2-1/2"]
[ECO "E10"]
[WhiteElo "1646"]
[BlackElo "1697"]
[Annotator "NA RC"]
[PlyCount "60"]
[EventDate "2019.05.31"]
[EventType "swiss"]
[EventCountry "ROU"]
[SourceTitle "playchess.com"]
[Source "ChessBase"]
[SourceQuality "1"]
[TimeControl "40/5400+30:1800+30"]

1. d4 Nf6 2. c4 e6 3. Nf3 Nc6 4. Nc3 Bb4 5. Bg5 h6 6. Bxf6 Qxf6 7. e3 d6 8. Rc1 O-O 9. Be2 a5 10. O-O Bxc3 11. Rxc3 a4 12. a3 e5 13. h3 Bf5 14. d5 Nb8 15. c5 Nd7 16. cxd6 cxd6 17. Nd2 Nc5 18. Nc4 b5 19. Nd2 Rfb8 20. Bg4 Bh7 21. f4 e4 22. Qc2 Qe7 23. f5 Qe5 24. Rf4 Re8 25. Be2 Rab8 26. b4 axb3 27. Nxb3 Nxb3 28. Qxb3 Bxf5 29. Bxb5 Bd7 30. a4 Bf5 1/2-1/2

[Event "European School-ch 2019"]
[Site "Mamaia"]
[Date "2019.06.07"]
[Round "8.22"]
[White "Gabulov, Ilkin"]
[Black "Cnejev, Vladimir-Alexandru"]
[Result "0-1"]
[ECO "D35"]
[WhiteElo "1288"]
[BlackElo "1970"]
[Annotator "NA RC"]
[PlyCount "150"]
[EventDate "2019.05.31"]
[EventType "swiss"]
[EventCountry "ROU"]
[SourceTitle "playchess.com"]
[Source "ChessBase"]
[SourceQuality "1"]
[TimeControl "40/5400+30:1800+30"]

1. d4 d5 2. c4 e6 3. Nc3 Nf6 4. cxd5 exd5 5. Bg5 c6 6. e3 Bf5 7. Qf3 Bg6 8. Bxf6 Qxf6 9. Qxf6 gxf6 10. Nf3 Nd7 {[%emt 0:04:58] D35: Queen's Gambit Declined: Exchange Variation} 11. Nh4 Be7 12. f4 (12. Ne2 f5 13. g3 Bxh4 14. gxh4 Nf6 15. Bh3 Nh5 16. b4 Ke7 17. Kd2 a6 18. a4 {½-½ (34) Vachier Lagrave,M (2778)-Vitiugov,N (2709) Shenzhen 2018}) 12... f5 13. Nf3 Nf6 14. Bd3 $146 ({Predecessor:} 14. a3 Ne4 15. Rc1 O-O 16. Bd3 Nd6 17. Na4 b5 18. Nc5 Nc4 19. Bxc4 bxc4 20. Na6 f6 21. Rc3 Rfc8 22. b3 cxb3 {½-½ (22) Ashwath,R (2290)-Pujari,R (2153) Abu Dhabi 2017}) 14... O-O-O 15. h3 Rde8 16. O-O Bb4 17. Rfe1 Ne4 18. Rac1 Bxc3 19. bxc3 b5 20. Ne5 Kc7 21. Rc2 Rhg8 22. Nf3 Rb8 23. Rb1 Rge8 24. Re1 Rb6 25. Nd2 Nxd2 26. Rxd2 Ra6 27. Kf2 Ra3 28. Rc1 Kd6 29. Bb1 Rc8 30. h4 h5 31. Bd3 a6 32. Be2 f6 33. Bf3 Bf7 34. Rdc2 c5 35. Ke2 Ra4 36. Kd2 Rb8 37. Rb2 Rb6 38. Bd1 Ra3 39. Bc2 Be6 40. Bd1 Bf7 41. Bc2 Bg6 42. Bd1 Rc6 43. Be2 c4 44. Rcb1 Rb6 45. Kc2 Kc6 46. Bf3 Bf7 47. Kd2 a5 48. Rc1 Kc7 49. Kc2 Kd6 50. Rcb1 Be8 51. Bd1 (51. Rc1 {keeps fighting.}) 51... Ke6 52. Bf3 {[%emt 0:01:46] [#]} (52. Rc1 $17) 52... b4 $1 53. cxb4 {[%emt 0:00:47] [#]} c3 $1 54. Rb3 Ba4 55. Kxc3 $2 (55. bxa5 $15 Rc6 56. Kd3 Bxb3 57. axb3) 55... axb4+ 56. Kb2 $19 Bxb3 57. axb3 Rba6 58. Kc1 Ra2 59. Rb2 Rc6+ 60. Kb1 Rxb2+ 61. Kxb2 Rc3 62. Bxh5 Rxe3 63. Kc2 Rc3+ 64. Kd2 Rxb3 65. Kc2 Rc3+ 66. Kd2 Rc8 67. Bd1 Rc4 68. Kd3 Rc3+ 69. Kd2 Ke7 70. Bf3 Rc4 71. Kd3 b3 72. Bd1 b2 73. Bc2 Kf7 74. Kd2 Rxd4+ 75. Kc3 Rxf4 {[%emt 0:00:06] Kd4} 0-1

[Event "European School-ch 2019"]
[Site "Mamaia"]
[Date "2019.06.07"]
[Round "8.23"]
[White "Nemsadze, Daviti"]
[Black "Akkas, Doruk"]
[Result "1-0"]
[ECO "A25"]
[WhiteElo "1803"]
[BlackElo "1565"]
[Annotator "NA RC"]
[PlyCount "159"]
[EventDate "2019.05.31"]
[EventType "swiss"]
[EventCountry "ROU"]
[SourceTitle "playchess.com"]
[Source "ChessBase"]
[SourceQuality "1"]
[TimeControl "40/5400+30:1800+30"]

1. c4 e5 2. Nc3 Nc6 3. g3 d6 4. Bg2 Be6 5. Nd5 Qd7 6. Rb1 g6 7. b4 Bg7 8. b5 Nd8 9. d3 c6 {[%emt 0:01:44] A25: English Opening vs King's Indian with ...Nc6 but without early d3} 10. bxc6 bxc6 11. Nb4 (11. Nc3 f5 12. Qc2 Ne7 13. Nf3 h6 14. O-O O-O 15. Ba3 g5 16. Rb3 g4 17. Nd2 h5 18. Rfb1 h4 19. Qb2 hxg3 20. hxg3 f4 21. Nde4 {½-½ (21) Shetty,A (2366)-Macieja,B (2554) Chicago 2016}) 11... Ne7 12. Bd2 $146 ({Predecessor:} 12. Ba3 O-O 13. Nf3 e4 14. Ng5 exd3 15. Qxd3 Bf5 16. e4 Bg4 17. h3 {1-0 (31) Lipka,J (2373)-Kovacik,E (2172) Trencianske Teplice 2005}) 12... O-O 13. h4 Nb7 14. Nf3 Nc5 15. Ng5 Bf5 16. Ne4 Nxe4 17. dxe4 Be6 18. Qc2 Rab8 19. O-O Bh3 20. Rfd1 Bxg2 21. Kxg2 d5 22. cxd5 cxd5 23. Qd3 d4 24. Na6 Rxb1 25. Rxb1 Rc8 26. Qa3 Bf8 27. Qd3 Qa4 28. Rb2 Kg7 29. Nb4 a5 30. Nc2 Rc5 31. Ne1 Nc6 32. Qb1 h6 33. Rb3 Qc4 34. Nd3 Qc2 35. Nxc5 Qxd2 36. Rb2 Qc3 37. Nd3 Nb4 38. Nxb4 Bxb4 39. Rc2 Qe1 40. Qxe1 Bxe1 41. Rc5 Kf6 42. f4 exf4 43. gxf4 Bd2 44. Kf3 Kg7 45. h5 gxh5 46. Rxh5 Kg6 47. Rd5 Bc3 48. Kg4 Kg7 49. a4 Kg6 50. Rc5 Bd2 51. Rd5 $2 (51. f5+ $18 Kf6 52. e5+ Ke7 53. Rd5) 51... Bc3 52. f5+ Kf6 53. Kh5 Kg7 54. Rd6 Bb2 55. Rxh6 (55. f6+ $142 Kh7 56. Rd7 d3 57. exd3 Bxf6 58. Rxf7+ {[%mdl 64] Double Attack} Bg7 59. e5 Kg8 60. e6) 55... f6 56. Rg6+ Kf7 57. Rg1 Ke7 58. Rb1 Bc3 59. Rb6 Kd7 60. Kg6 Kd8 61. Rb7 Ke8 62. Kxf6 d3+ 63. Ke6 Kd8 64. exd3 Kc8 65. Rh7 Kd8 66. f6 Bb4 67. Rd7+ Kc8 68. f7 Ba3 69. d4 Bb4 70. d5 Bf8 71. d6 Bg7 72. Re7 Bh6 73. Kd5 Bg7 74. Kc6 Kb8 75. Rb7+ Kc8 76. e5 Bh6 77. e6 Bf8 78. Rb1 Be7 79. d7+ Kd8 80. Rb8# 1-0